 Dungeon Crawl Stone Soup version 0.20-a0-382-g289d6af (webtiles) character file.

48 Leonis the Skirmisher (level 3, -7/20 HPs)
             Began as a Vine Stalker Fighter on Dec 29, 2016.
             Killed by nerve-wracking pain
             ... invoked by an orc priest
              (10 damage)
             ... on level 3 of the Dungeon.
             The game lasted 00:08:28 (1227 turns).

Leonis the Skirmisher (Vine Stalker Fighter)        Turns: 1227, Time: 00:08:28

Health: -7/20      AC:  6    Str: 18    XL:     3   Next: 72%
Magic:  0/4        EV:  7    Int:  9    God:
Gold:   36         SH:  9    Dex: 13    Spells: 2/2 levels left

rFire  . . .     SeeInvis .     a - +0 war axe
rCold  . . .     Gourm    .     b - +0 scale mail
rNeg   . . .     Faith    .     c - +0 shield
rPois  .         Spirit   +     (no helmet)
rElec  .         Reflect  .     (no cloak)
rCorr  .         Harm     .     (no gloves)
MR     .....                    (no boots)
Stlth  ..........               (no amulet)
                                (no ring)
                                (no ring)

@: no status effects
A: fangs 2, magic shield, antimagic bite, no potion heal 3, rot immunity
a: no special abilities


You were on level 3 of the Dungeon.
You were not hungry.

You visited 1 branch of the dungeon, and saw 3 of its levels.

You collected 36 gold pieces.

Inventory:

Hand Weapons
 a - a +0 war axe (weapon)
Missiles
 h - 92 stones (quivered)
 k - 24 poisoned needles
Armour
 b - a +0 scale mail (worn)
 c - a +0 shield (worn)
Scrolls
 e - a scroll of teleportation {unknown}
 g - 4 scrolls of remove curse {unknown}
 i - a scroll of fear {unknown}
 p - a scroll of magic mapping {unknown}
 t - a scroll of immolation {unknown}
Potions
 d - a potion of might
 j - a potion of lignification {unknown}
 l - a potion of flight {unknown}
 m - a potion of magic {unknown}
 n - a potion of berserk rage {unknown}
 o - a potion of mutation {unknown}
 q - a potion of haste {unknown}
Comestibles
 f - a bread ration
 s - a meat ration


   Skills:
 + Level 3.0 Fighting
 + Level 2.6 Axes
 + Level 2.7 Armour
 + Level 0.1 Dodging
 + Level 3.0 Shields


You had 2 spell levels left.
You didn't know any spells.

Dungeon Overview and Level Annotations

Branches:
Dungeon (3/15)

Altars:
Elyvilon
Hepliaklqana
Sif Muna
Zin


Innate Abilities, Weirdness & Mutations

You have extremely sharp teeth.
When hurt, damage is shared between your health and your magic reserves.
Your bite disrupts and absorbs the magic of your enemies.
Potions cannot restore your health.
You are immune to rotting.


Message History

* * * LOW HITPOINT WARNING * * *
You barely miss the orc priest. Your bite misses the orc priest.
The orc priest is moderately wounded.
The orc priest hits you with a club.
You barely miss the orc priest.
The orc priest is moderately wounded.
You block the orc priest's attack.
You hit the orc priest.
The orc priest is moderately wounded.
The orc priest barely misses you.
The orc wizard casts a spell.
The orc wizard flickers and vanishes!
Deactivating autopickup; reactivate with Ctrl-A.
The orc priest hits you but does no damage.
You hit the orc priest. Your bite misses the orc priest.
The orc priest is heavily wounded.
The orc priest mumbles some strange prayers to Beogh against you.
Pain shoots through your body!
Ouch! That really hurt!
You die...

#....# .. #....#
#.###....# .W......#
#.#....# #.#......
#.#.#..?######
#.#....{o@...# #.
#.###..###.#.# #.#
#.#........# #.#
#.#........#. . #.#
#.#...........
.###.###.##.......###
.....................
.........##.####.####
.#............ ..#


You could see an orc priest and ddubois's ghost (wandering).

Vanquished Creatures
  An adder (D:2)
  A worm (D:2)
  2 leopard geckos (D:1)
  3 bats (D:1)
  2 giant cockroaches (D:2)
  4 goblins
  4 hobgoblins
  4 jackals (D:2)
  4 kobolds
  2 frilled lizards
  3 rats (D:1)
30 creatures vanquished.

Notes
Turn   | Place    | Note
-------+----------+-------------------------------------------
     0 | D:1      | Leonis the Vine Stalker Fighter began the quest for the Orb.
     0 | D:1      | Reached XP level 1. HP: 11/11 MP: 2/2
   366 | D:1      | Reached XP level 2. HP: 15/16 MP: 3/3
   732 | D:2      | Found a deep blue altar of Sif Muna.
   778 | D:2      | Reached XP level 3. HP: 20/20 MP: 4/4
  1044 | D:2      | Found a hazy altar of Hepliaklqana.
  1119 | D:2      | Found a glowing silver altar of Zin.
  1136 | D:2      | Found a white marble altar of Elyvilon.
  1227 | D:3      | Killed from afar by an orc priest

Vault maps used:
D:1:      dpeg_arrival_tiny_h, minmay_octomino_j4
D:2:      lemuel_round_altar, lemuel_round_altar, lemuel_crystal_altar,
          lemuel_tele_altar
D:3:      okawaru_ov_weapons_minmay, nicolae_gozag_seed_capital

Skill      XL: |  1  2  3 |
---------------+----------+-----
Axes           | 2 |  2.6
Fighting       | 3 |  3.0
Shields        | 3 |  3.0
Armour         | |  2.7
Dodging        | |  0.1

Action                   || total
-------------------------++-------
Melee: War axe           ||    77
       Bite              ||    19
Throw: Stone             ||     5
       Throwing net      ||     1
  Eat: Chunk             ||     1
Armor: Scale mail        ||    55
Dodge: Dodged            ||    29
Block: Shield            ||    57
